 Dungeon Crawl Stone Soup version 0.28-a0-664-gc179e30c89 (webtiles) character file.

Game seed: 15736285438803866353

912 MacCMillion the Magician (level 8, -3/58 HPs)
             Began as a Djinni Ice Elementalist on Oct 14, 2021.
             Slain by a yak (16 damage)
             ... on level 5 of the Dungeon.
             The game lasted 00:10:16 (5390 turns).

MacCMillion the Magician (Djinni Ice Elementalist)  Turns: 5390, Time: 00:10:16

Health: -3/58      AC:  3    Str:  9    XL:     8   Next: 30%
Gold:   236        EV: 12    Int: 16    God:
                   SH:  0    Dex: 15

rFire   + + .      SeeInvis .   r - +4 short sword (venom)
rCold   x . .      Faith    .   (no shield)
rNeg    . . .      Spirit   .   a - +0 robe
rPois   ∞          Reflect  .   (no helmet)
rElec   .          Harm     .   (no cloak)
rCorr   .          Rampage  .   l - +0 pair of gloves
Will    .....                   (boots unavailable)
Stlth   ++........              f - amulet of the acrobat
HPRegen 0.19/turn               (no ring)
MPRegen 0.00/turn               (no ring)

@: flying
A: sickness immunity, fire resistance 2, cold vulnerability 1, float, innate
caster, hp casting, extra vitality 1
a: no special abilities


You were on level 5 of the Dungeon.
You visited 1 branch of the dungeon, and saw 5 of its levels.

You collected 236 gold pieces.

Inventory:

Hand Weapons
 b - a +0 dagger
 e - a +1 dagger of venom
 r - a +4 short sword of venom (weapon)
Armour
 a - a +0 robe (worn)
 l - a +0 pair of gloves (worn)
 o - a +0 pair of gloves
Jewellery
 f - an amulet of the acrobat (around neck)
 w - a +6 ring of dexterity
 x - a +4 ring of protection
Wands
 s - a wand of polymorph (3)
Scrolls
 c - a scroll of blinking {unknown}
 d - 8 scrolls of identify {unknown}
 g - a scroll of fog {unknown}
 j - a scroll of noise {unknown}
 k - 3 scrolls of teleportation {unknown}
 m - a scroll of magic mapping {unknown}
 n - a scroll of brand weapon {unknown}
 q - a scroll of immolation {unknown}
Potions
 h - a potion of curing {unknown}
 i - 2 potions of lignification {unknown}
 p - a potion of brilliance {unknown}
 t - 2 potions of attraction {unknown}
 u - a potion of flight {unknown}
 v - a potion of invisibility


   Skills:
 + Level 4.1 Fighting
 + Level 3.6 Short Blades
 - Level 2.1 Dodging
 - Level 1.5 Stealth
 * Level 6.0 Spellcasting


You had 2 spell levels left.
You knew the following spells:

 Your Spells              Type           Power      Damage    Failure   Level
a - Freeze                Ice            96%        1d11      1%          1
b - Frozen Ramparts       Ice            48%        1d6       3%          3
c - Ozocubu's Armour      Ice            24%        N/A       3%          3
d - Hailstorm             Conj/Ice       24%        3d7       12%         4
e - Magic Dart            Conj           96%        1d7       1%          1
f - Blink                 Tloc           N/A        N/A       1%          2
g - Tukima's Dance        Hex            24%        N/A       3%          3
Your spell library was empty.

Dungeon Overview and Level Annotations

Branches:
Dungeon (5/15)
 Temple: D:4-7

Altars:
Uskayaw

Annotations:
D:5 3 runed translucent doors, Dowan


Innate Abilities, Weirdness & Mutations

You are immune to sickness and miasma.
You are immune to poison.
Your flesh is very heat resistant. (rF++)
You are vulnerable to cold. (rC-)
You float through the air rather than walking.
You learn spells naturally, not from books.
Your magical power is your life essence.
You have superior vitality. (+4 HP)


Message History

Unknown command.
You hit the yak.
You kill the yak!
The wall freezes the yak. x2
Dowan mumbles some strange words.
Dowan blinks!
Your Fighting skill increases to level 4!
Your Spellcasting skill increases to level 6!
You barely miss the yak.
The yak is lightly wounded.
Your icy armour starts to melt.
The frozen ramparts melt away.
The yak closely misses you.
You hit the yak.
The yak is lightly wounded.
Dowan says, "How can I live without her?"
The yak gores you.
You barely miss the yak.
The yak is lightly wounded.
The yak gores you!
You barely miss the yak.
The yak is lightly wounded.
The yak gores you!
* * * LOW HITPOINT WARNING * * *
Unknown command.
Your icy armour will break if you move.
Continue?
Your icy armour cracks and falls away as you move.
Dowan gestures wildly while chanting.
Dowan blinks!
Found a runed translucent gate.
Found 2 large rocks.
Dowan looks more healthy.
You see here a +0 mace.
Dowan gestures wildly while chanting.
Dowan blinks!
Okay, then.
Dowan is no longer moving quickly.
Casting: Frozen Ramparts (dangerous; 3% risk of failure)
Confirm with . or Enter, or press ? or * to list all spells.
Okay, then.
You reach down and open the door.
The yak gores you!
You die...

#......#.# #....# ##...†.#.#
#....# #####.#.# #....#
#.#.# #....# #########.#.#
#....# ........#.#e# #....#
........#.#.# #######....#
....)...#.#Y#####.......####
........#.#.#.Y@'.......#
........'.#.#.###.......#
........###.Y...#.#######
........#####(#.......#
........##............#
##.####...............# #
#.##...##.....###
#.#8...8#.......#
#.##...##.....#..


You could see 2 yaks.

Vanquished Creatures
  2 yaks (D:5)
  Duvessa (D:5)
  A necrophage (D:4)
  2 kobold brigands (D:4)
  Blork the orc (D:4)
  A hound (D:5)
  A scorpion zombie (D:5)
  An iguana (D:5)
  4 adders
  A worm (D:2)
  2 dart slugs
  8 orcs
  6 ball pythons
  4 endoplasms
  2 giant cockroaches (D:1)
  9 goblins
  7 hobgoblins
  6 jackals
  16 kobolds
  8 quokkas
  4 bats
  A frilled lizard (D:2)
  8 rats
96 creatures vanquished.

Notes
Turn   | Place    | Note
-------+----------+-------------------------------------------
     0 | D:1      | MacCMillion the Djinni Ice Elementalist began the quest for
                  | the Orb.
     0 | D:1      | Reached XP level 1. HP: 15/15 MP: 0/0
   395 | D:1      | Reached XP level 2. HP: 9/22 MP: 0/0
  1301 | D:2      | Reached XP level 3. HP: 26/26 MP: 0/0
  1301 | D:2      | Learned a level 1 spell: Magic Dart
  1321 | D:2      | Reached skill level 1 in Fighting
  2158 | D:2      | Reached XP level 4. HP: 26/32 MP: 0/0
  2287 | D:2      | Found a faded altar of an unknown god.
  2788 | D:3      | Reached skill level 4 in Spellcasting
  2936 | D:3      | Found a hide-covered altar of Uskayaw.
  3178 | D:3      | Reached skill level 1 in Short Blades
  3553 | D:3      | Reached XP level 5. HP: 29/38 MP: 0/0
  3553 | D:3      | Learned a level 2 spell: Blink
  3908 | D:4      | Noticed Blork the orc
  3919 | D:4      | Killed Blork the orc
  4043 | D:4      | Noticed a kobold brigand
  4047 | D:4      | Reached XP level 6. HP: 38/43 MP: 0/0
  4184 | D:4      | Noticed a necrophage
  4199 | D:4      | Killed a necrophage
  4246 | D:4      | Reached skill level 5 in Spellcasting
  4246 | D:4      | Reached XP level 7. HP: 16/50 MP: 0/0
  4246 | D:4      | Learned a level 3 spell: Tukima's Dance
  5104 | D:5      | Entered Level 5 of the Dungeon
  5336 | D:5      | Noticed Duvessa
  5337 | D:5      | Noticed Dowan
  5338 | D:5      | Noticed a yak
  5338 | D:5      | Noticed a yak
  5339 | D:5      | Noticed a yak
  5341 | D:5      | Noticed a yak
  5350 | D:5      | Killed Duvessa
  5352 | D:5      | Killed a yak
  5353 | D:5      | Reached XP level 8. HP: 34/58 MP: 0/0
  5356 | D:5      | Killed a yak
  5357 | D:5      | Reached skill level 6 in Spellcasting
  5364 | D:5      | Found a runed translucent gate.
  5364 | D:5      | Found a runed translucent gate.
  5364 | D:5      | Found a runed translucent gate.
  5390 | D:5      | Slain by a yak

Illustrated notes

Levels and vault maps discovered:
D:1:      tarquinn_simple_flora_water_e, layout_basic
D:2:      layout_basic, shapermc_ecumenical_altar_notcrosses,
          grunt_decor_one_mirror
D:3:      minmay_bubble_buster, layout_loops_corners,
          mainiacjoe_overflow_boulevard
D:4:      cheibrodos_thug_alley, layout_loops_cross, chequers_jeans,
          uniq_blork_the_orc
D:5:      layout_basic, minmay_temple_entry_proselytizer, serial_corexii_hall,
          corexii_hall_statues_u, chequers_hall_statues_y,
          ebering_ghost_rock_garden, uniq_eustachio, uniq_duvessa

Skill      XL: |  1  2  3  4  5  6  7  8 |
---------------+-------------------------+-----
Fighting       | 1 2 3 4 |  4.1
Spellcasting   | 4 5 6 |  6.0
Short Blades   | 1 2 3 |  3.6
Dodging        | |  2.1
Stealth        | |  1.5

Action                   |  1- 3 |  4- 6 |  7- 9 || total
-------------------------+-------+-------+-------++-------
Melee: Dagger            |    71 |    69 |       ||   140
       Short sword       |       |    26 |    54 ||    80
       Unarmed           |       |     3 |       ||     3
 Cast: Freeze            |    12 |     4 |     1 ||    17
       Frozen Ramparts   |       |     8 |     2 ||    10
       Ozocubu's Armour  |       |     4 |     2 ||     6
       Magic Dart        |       |     1 |       ||     1
 Stab: Sleeping          |     1 |     7 |     3 ||    11
Armor: Robe              |    13 |    20 |    14 ||    47
Dodge: Dodged            |    52 |    70 |    30 ||   152

Table legend: (Time is in decaauts)
 A = Elapsed time spent in this place.
 B = Non-inter-level travel time spent in this place.
 C = Inter-level travel time spent in this place.
 D = Time resting spent in this place.
 E = Time spent auto-exploring this place.
 F = Levels seen in this place.
 G = Mean time per level.
                   A        B        C        D        E       F      G
               +--------+--------+--------+--------+--------+-----+--------+
         Total |   5367 |   5281 |     86 |    353 |   4092 |   5 | 1073.4 |
       Dungeon |   5367 |   5281 |     86 |    353 |   4092 |   5 | 1073.4 |
               +--------+--------+--------+--------+--------+-----+--------+

Top non-repeatable levels by time:
     D:4: 1294 daAuts
     D:3: 1278 daAuts
     D:2: 1271 daAuts
     D:1: 1239 daAuts
     D:5: 284 daAuts
